 Dungeon Crawl Stone Soup version 0.29-a0-384-g6960b1960d (webtiles) character file.

Game seed: 4931993127742631838

4828 spaghetti the Protected (level 10, -4/53 (74) HPs)
             Began as a Gnoll Wanderer on May 8, 2022.
             Was the Champion of Ru.
             Slain by a yak (13 damage)
             ... on level 8 of the Dungeon.
             The game lasted 00:24:50 (12001 turns).

spaghetti the Protected (Gnoll Wanderer)           Turns: 12001, Time: 00:24:51

HP:   -4/53 (74)    AC:  9    Str: 12    XL:     10   Next: 49%
MP:   19/19         EV: 11    Int: 17    God:    Ru [******]
Gold: 332           SH:  0    Dex: 12    Spells: 12/21 levels left

rFire   . . .      SeeInvis .   i - +1 short sword (venom) {short}
rCold   . . .      Faith    +   (shield unavailable)
rNeg    . . .      Spirit   .   d - +2 scale mail
rPois   .          Reflect  .   o - +0 helmet
rElec   .          Harm     .   v - scarf {repulsion}
rCorr   .          Rampage  .   (no gloves)
Will    .....                   (no boots)
Stlth   ++........              y - amulet of faith {!P}
HPRegen 0.17/turn               (ring unavailable)
MPRegen 0.16/turn               C - ring of wizardry

@: exhausted, very heavily drained, repel missiles, unable to read
A: fangs 1, inability to read while threatened, missing a hand, inability to use
devices, strong nose, distributed training, agile 1, deformed body, MP-powered
wands
a: Renounce Religion, Draw Out Power, Power Leap, Apocalypse


You were on level 8 of the Dungeon.
You worshipped Ru.
Ru was exalted by your worship.
You visited 2 branches of the dungeon, and saw 9 of its levels.

You collected 332 gold pieces.


Innate Abilities, Weirdness & Mutations

You have very sharp teeth.
You sometimes lose the ability to read scrolls when taking damage.
You are missing a hand.
You cannot study or use magical devices.
Your uncanny sense of smell can sniff out nearby items.
Your experience applies equally to all skills.
You are agile. (Dex +2)
Armour fits poorly on your strangely shaped body.
You expend magic power (3 MP) to strengthen your wands.


   Skills:
 + Level 5.3 Fighting
 + Level 5.3 Short Blades
 + Level 5.3 Long Blades
 + Level 5.3 Axes
 + Level 5.3 Maces & Flails
 + Level 5.3 Polearms
 + Level 5.3 Staves
 + Level 5.3 Slings
   Level 0.0 Bows
 + Level 5.3 Crossbows
 + Level 5.3 Throwing
 + Level 10.1 Armour
 + Level 5.3 Dodging
 + Level 5.9 Stealth
   Level 0.0 Shields
 + Level 5.3 Unarmed Combat
 + Level 6.1 Spellcasting
 + Level 4.4 Conjurations
 + Level 4.4 Hexes
 + Level 4.4 Summonings
 + Level 4.4 Necromancy
 + Level 4.4 Translocations
 + Level 4.4 Transmutations
 + Level 4.4 Fire Magic
 + Level 4.4 Ice Magic
 + Level 4.4 Air Magic
 + Level 4.4 Earth Magic
 + Level 4.9 Poison Magic
 + Level 5.8 Invocations
   Level 0.0 Evocations


You had 12 spell levels left.
You knew the following spells:

 Your Spells              Type           Power      Damage    Failure   Level
a - Sting                 Tmut/Pois      84%        1d7       2%          1
b - Ignite Poison         Fire/Tmut/Pois 20%        N/A       9%          3
c - Wereblood             Tmut           20%        N/A       4%          2
d - Spider Form           Tmut/Pois      21%        N/A       9%          3

Your spell library contained the following spells:

 Spells                   Type           Power      Damage    Failure   Level
 Beastly Appendage        Tmut           40%        N/A       3%          1
 Sandblast                Erth           40%        2d10      3%          1
 Summon Small Mammal      Summ           80%        N/A       3%          1
 Corpse Rot               Necr/Air       40%        N/A       4%          2
 Passwall                 Tmut/Erth      16%        N/A       4%          2
 Poisonous Vapours        Pois/Air       42%        N/A       4%          2
 Call Canine Familiar     Summ           20%        N/A       10%         3
 Stone Arrow              Conj/Erth      40%        3d9       10%         3
 Summon Guardian Golem    Hex/Summ       20%        N/A       10%         3
 Olgreb's Toxic Radiance  Pois           22%        N/A       24%         4
 Blade Hands              Tmut           10%        N/A       61%         5
 Irradiate                Conj/Tmut      10%        3d16      61%         5
 Dragon Form              Tmut           10%        N/A       100%        7
 Ozocubu's Refrigeration  Ice            10%        4d7       100%        7
 Ignition                 Fire           10%        3d5       100%        8

Inventory:

Hand Weapons
 a - a +0 club {mace}
 i - a +1 short sword of venom (weapon) {short}
   (You took it off a kobold on level 3 of the Dungeon)
 m - a +1 flail of draining {mace}
   (You found it on level 3 of the Dungeon)
 t - a +1 short sword of draining {short}
   (You took it off a kobold on level 3 of the Dungeon)
 w - a +1 broad axe of draining {axe}
   (You took it off Maggie on level 6 of the Dungeon)
Missiles
 f - 256 stones (quivered) {throwing}
 g - 5 atropa-tipped darts {throwing}
 k - 12 poisoned darts {throwing}
 u - 12 boomerangs {throwing}
 x - 3 curare-tipped darts {=fthrowing}
Armour
 d - a +2 scale mail (worn)
 o - a +0 helmet (worn)
   (You found it on level 2 of the Dungeon)
 s - a +0 cloak
   (You found it on level 2 of the Dungeon)
 v - a scarf of repulsion (worn)
   (You found it on level 4 of the Dungeon)
 A - +0 acid dragon scales
   (You took it off Maggie on level 6 of the Dungeon)
Jewellery
 y - an amulet of faith (around neck) {!P}
   (You found it on level 4 of the Dungeon)
 C - a ring of wizardry (right hand)
   (You found it on level 7 of the Dungeon)
Wands
 z - a wand of iceblast (8)
   (You found it on level 4 of the Dungeon)
Scrolls
 b - 2 scrolls of vulnerability {!r!r}
 e - a scroll of brand weapon
 j - 3 scrolls of immolation {!r!r}
 l - a scroll of fear
 n - 2 scrolls of enchant weapon
 q - 3 scrolls of teleportation {@r4}
 r - a scroll of magic mapping {!r}
 B - 2 scrolls of identify {@r1}
Potions
 c - a potion of resistance
 h - a potion of magic
 D - a potion of cancellation
 E - a potion of might

Dungeon Overview and Level Annotations

Branches:
Dungeon (8/15)             Temple (1/1) D:6
   Lair: D:8-11

Altars:
Gozag
Kikubaaqudgha
Ru

Portals:
Abyss: D:5

Annotations:
D:5 2 transporters, sdfasdf239h's ghost, amateur GrEE
D:6 1 runed translucent door, Crazy Yiuf
D:7 exclusions: door and 1 more exclusion

.∆. .... ### .....######.#
.......#.#..##########
(.(..##........#......
...(/.#...........##
....((Y@...........#####
......Y...........#.....
..........###.....#.....
..##.................... .
.............#.##.##..
.........#.##..#####......
#........#.#..####.#.....)
...............###......#..
................##......##..


You could see 2 yaks.


Message History

The stone {throwing} hits the yak.
You hear a bellow!
A yak comes into view.
You throw a stone {throwing}.
The stone {throwing} closely misses the yak.
The stone {throwing} hits the yak but does no damage.
You throw a stone {throwing}. The stone {throwing} hits the yak.
You throw a stone {throwing}. The stone {throwing} hits the yak.
You throw a stone {throwing}. The stone {throwing} hits the yak.
You throw a stone {throwing}.
The stone {throwing} hits the yak but does no damage.
You throw a stone {throwing}.
The stone {throwing} hits the yak but does no damage.
You throw a stone {throwing}.
The stone {throwing} hits the yak but does no damage.
You throw a stone {throwing}. The stone {throwing} hits the yak.
You throw a stone {throwing}.
The stone {throwing} hits the yak but does no damage.
You hit the yak.
The yak is poisoned.
You bite the yak, but do no damage. You barely miss the yak.
You bite the yak, but do no damage. The yak closely misses you.
You hit the yak.
The yak is poisoned.
You bite the yak, but do no damage. The yak gores you but does no damage.
The yak barely misses you. The yak gores you. 😕 HP[-5]
You take 5 damage, and now have 46/51 hp.
You are too injured to fight recklessly!
You are too injured to fight recklessly!
You are too injured to fight recklessly!
You are too injured to fight recklessly!
You are too injured to fight recklessly!
You are too injured to fight recklessly!
You are too injured to fight recklessly!
You are too injured to fight recklessly!
You are too injured to fight recklessly!
You are too injured to fight recklessly!
You are too injured to fight recklessly!
You are too injured to fight recklessly!
You are too injured to fight recklessly!
You are too injured to fight recklessly!
You are too injured to fight recklessly!
You are too injured to fight recklessly!
You are too injured to fight recklessly!
You are too injured to fight recklessly!
You are too injured to fight recklessly!
You are too injured to fight recklessly!
Unknown command.
You hit the yak.
The yak looks as sick as possible!
The yak gores you! x2
You feel threatened and lose the ability to read scrolls!
* * * LOW HITPOINT WARNING * * *
The yak is stunned by your conviction and fails to attack. 😨 HP[-22]
You take 22 damage, and now have 24/51 hp.
MASSIVE DAMAGE!! (PAUSE) Unknown command.
You completely miss the yak. The yak gores you.
* * * LOW HITPOINT WARNING * * *
The yak gores you.
* * * LOW HITPOINT WARNING * * *
The yak gores you.
* * * LOW HITPOINT WARNING * * *
😨 HP[-7]
You take 7 damage, and now have 17/51 hp.
Unknown command.
You are restored by drawing out deep reserves of power within.
You feel drained.
The yak is stunned by your conviction and fails to attack.
The yak gores you! The yak barely misses you. 😕 HP[+20]
You now have 47 max hp (-4).
You regained 20 hp, and now have 37/47 hp.
Unknown command.
Unknown command.
You hit the yak. You bite the yak, but do no damage. You hit the yak.
The yak looks as sick as possible!
The yak gores you!
You focus your inner power and slow the yak in retribution!
You redirect the yak's attack!
The yak gores the yak but does no damage.
The yak gores you!
* * * LOW HITPOINT WARNING * * *
😨 HP[-23]
You take 23 damage, and now have 14/47 hp.
MASSIVE DAMAGE!! (PAUSE)
You cannot read scrolls in your current state!
Okay, then.
You feel better. The yak gores you!
* * * LOW HITPOINT WARNING * * *
You focus your inner power and slow the yak in retribution!
The yak is stunned by your conviction and fails to attack. x2 😱 HP[-5]
You take 5 damage, and now have 9/47 hp.
You hit the yak.
You kill the yak!
The yak barely misses you.
You redirect the yak's attack!
The yak gores the yak but does no damage.
You now have 53 max hp (+6).
You hit the yak but do no damage.
The yak looks as sick as possible!
The yak gores you!
You die...

Skill      XL: |  1  2  3  4  5  6  7  8  9 10 |
---------------+-------------------------------+-----
Poison Magic   | 2 3 4 |  4.9
Invocations    | 1 2 3 4 5 |  5.8
Fighting       | 1 2 3 4 5 |  5.3
Short Blades   | 1 2 3 4 5 |  5.3
Long Blades    | 1 2 3 4 5 |  5.3
Axes           | 1 2 3 4 5 |  5.3
Maces & Flails | 1 2 3 4 5 |  5.3
Polearms       | 1 2 3 4 5 |  5.3
Staves         | 1 2 3 4 5 |  5.3
Slings         | 1 2 3 4 5 |  5.3
Bows           | 1 0 |  0.0
Crossbows      | 1 2 3 4 5 |  5.3
Throwing       | 1 2 3 4 5 |  5.3
Dodging        | 1 2 3 4 5 |  5.3
Shields        | 1 0 |  0.0
Unarmed Combat | 1 2 3 4 5 |  5.3
Spellcasting   | 3 4 5 6 |  6.1
Conjurations   | 1 2 3 4 |  4.4
Hexes          | 1 2 3 4 |  4.4
Summonings     | 1 2 3 4 |  4.4
Necromancy     | 1 2 3 4 |  4.4
Translocations | 1 2 3 4 |  4.4
Transmutations | 1 2 3 4 |  4.4
Fire Magic     | 1 2 3 4 |  4.4
Ice Magic      | 1 2 3 4 |  4.4
Air Magic      | 1 2 3 4 |  4.4
Earth Magic    | 1 2 3 4 |  4.4
Stealth        | 3 4 5 |  5.9
Evocations     | 7 0 |  0.0
Armour         | 9 10 | 10.1

Action                   |  1- 3 |  4- 6 |  7- 9 | 10-12 || total
-------------------------+-------+-------+-------+-------++-------
Melee: Club              |   141 |   267 |    32 |       ||   440
       Bite              |     7 |    31 |    33 |    21 ||    92
       Punch             |     1 |     2 |       |       ||     3
       Short sword       |       |       |   261 |   115 ||   376
Throw: Stone             |       |    46 |    37 |    35 ||   118
 Cast: Sting             |    27 |    11 |       |       ||    38
Invok: Draw Out Power    |       |     2 |     8 |     4 ||    14
       Sacrifice a Hand  |       |     1 |       |       ||     1
       Sacrifice Artific |       |       |     1 |       ||     1
       Apocalypse        |       |       |       |     4 ||     4
       Sacrifice Words   |       |       |       |     1 ||     1
Evoke: Wand              |     3 |     7 |     4 |       ||    14
  Use: Potion            |     2 |     7 |    10 |     3 ||    22
       Scroll            |       |     2 |     8 |     2 ||    12
 Stab: Invisible         |       |       |     3 |     1 ||     4
       Paralysed         |       |       |       |     4 ||     4
Armor: Scale mail        |   112 |   183 |   136 |    59 ||   490
Dodge: Dodged            |   114 |   171 |   159 |    86 ||   530
       Repelled          |       |     3 |     8 |       ||    11

Levels and vault maps discovered:
D:1:      dpeg_arrival_rhombus, layout_loops_corners
D:2:      layout_basic
D:3:      layout_basic, mainiacjoe_overflow_alcove_2, basic_ecumenical_altar,
          minmay_unequal
D:4:      layout_loops_corners, kennysheep_generic_room_10
D:5:      layout_loops_ring, gammafunk_ghost_abyssal_escape,
          minmay_stone_trees_large, kennysheep_potato, uniq_pikel, uniq_grinder,
          uniq_duvessa, uniq_prince_ribbit1
D:6:      layout_cave_pools, nicolae_gozag_cash_rules_everything_around_me,
          minmay_temple_entry_statues_fountains, chequers_serial_rivers_room_a,
          centaur_isle, uniq_crazy_yiuf_cottage, uniq_maggie, uniq_eustachio
D:7:      layout_basic, kennysheep_diamond
D:8:      layout_cave_pools, minmay_evil_grid
Temple:   eino_wide_crystal_templ

Notes
Turn   | Place    | Note
-------+----------+-------------------------------------------
     0 | D:1      | spaghetti the Gnoll Wanderer began the quest for the Orb.
     0 | D:1      | spaghetti set off with the following items: a +0 club
                  | {mace}, a wand of flame (6), a scroll of summoning, a +2
                  | scale mail; and the following spell memorised: Sting; and
                  | the following spells available to memorise: Ignite Poison
     0 | D:1      | Reached XP level 1. HP: 13/13 MP: 4/4
     0 | D:1      | magus.rc [v1.9.6]
    29 | D:1      | magus.rc [v1.9.6]
   264 | D:1      | Reached skill level 2 in Poison Magic
   352 | D:1      | HP: 2/13 [rat (3)]
   357 | D:1      | Reached XP level 2. HP: 16/19 MP: 5/5
  1347 | D:1      | You pick up a book of Vapours and begin reading...
  1347 | D:1      | You add the spells Poisonous Vapours and Corpse Rot to your
                  | library.
  1725 | D:1      | Reached XP level 3. HP: 20/25 MP: 5/7
  1790 | D:1      | Learned a level 3 spell: Ignite Poison
  2377 | D:2      | Reached skill level 1 in Invocations
  2684 | D:2      | Reached skill level 1 in Fighting
  2684 | D:2      | Reached skill level 1 in Short Blades
  2684 | D:2      | Reached skill level 1 in Long Blades
  2684 | D:2      | Reached skill level 1 in Axes
  2684 | D:2      | Reached skill level 1 in Maces & Flails
  2684 | D:2      | Reached skill level 1 in Polearms
  2684 | D:2      | Reached skill level 1 in Staves
  2684 | D:2      | Reached skill level 1 in Slings
  2684 | D:2      | Reached skill level 1 in Bows
  2684 | D:2      | Reached skill level 1 in Crossbows
  2684 | D:2      | Reached skill level 1 in Throwing
  2684 | D:2      | Reached skill level 1 in Dodging
  2684 | D:2      | Reached skill level 1 in Shields
  2684 | D:2      | Reached skill level 1 in Unarmed Combat
  2739 | D:2      | Reached XP level 4. HP: 32/32 MP: 3/8
  2982 | D:2      | Reached skill level 3 in Spellcasting
  2989 | D:2      | Reached skill level 1 in Conjurations
  2989 | D:2      | Reached skill level 1 in Hexes
  2989 | D:2      | Reached skill level 1 in Summonings
  2989 | D:2      | Reached skill level 1 in Necromancy
  2989 | D:2      | Reached skill level 1 in Translocations
  2989 | D:2      | Reached skill level 1 in Transmutations
  2989 | D:2      | Reached skill level 1 in Fire Magic
  2989 | D:2      | Reached skill level 1 in Ice Magic
  2989 | D:2      | Reached skill level 1 in Air Magic
  2989 | D:2      | Reached skill level 1 in Earth Magic
  3739 | D:3      | Reached XP level 5. HP: 27/37 MP: 9/9
  3744 | D:3      | HP: 8/37 [poisoned by a kobold]
  3747 | D:3      | HP: 3/37 [poisoned by a kobold]
  4202 | D:3      | HP: 9/37 [orc priest/nerve-wracking pain (3)]
  4210 | D:3      | HP: 4/37 [orc priest/+0 falchion (3)]
  4624 | D:3      | Found a faded altar of an unknown god.
  4643 | D:3      | Prayed at the altar of an unknown god.
  4643 | D:3      | Became a worshipper of Ru the Awakened
  4834 | D:3      | Gained mutation: You are missing a hand. [Ru sacrifice]
  4834 | D:3      | Reduced skill Shields to level 0
  4834 | D:3      | Reduced skill Bows to level 0
  4834 | D:3      | Reached * piety under Ru
  4834 | D:3      | Reached ** piety under Ru
  4834 | D:3      | Reached *** piety under Ru
  4979 | D:3      | Found an ancient bone altar of Kikubaaqudgha.
  5786 | D:4      | Reached skill level 3 in Stealth
  5786 | D:4      | Reached skill level 2 in Invocations
  5786 | D:4      | Reached XP level 6. HP: 38/43 MP: 9/11
  6125 | D:4      | Identified the +3 quarterstaff of the Spectre {vorpal, rN++
                  | Dex-4}
  6350 | D:4      | You pick up a book of Changes and begin reading...
  6350 | D:4      | You add the spells Beastly Appendage, Wereblood and Spider
                  | Form to your library.
  6454 | D:4      | Learned a level 2 spell: Wereblood
  6458 | D:4      | Learned a level 3 spell: Spider Form
  6488 | D:5      | Entered Level 5 of the Dungeon
  6550 | D:5      | Reached skill level 2 in Fighting
  6550 | D:5      | Reached skill level 2 in Short Blades
  6550 | D:5      | Reached skill level 2 in Long Blades
  6550 | D:5      | Reached skill level 2 in Axes
  6550 | D:5      | Reached skill level 2 in Maces & Flails
  6550 | D:5      | Reached skill level 2 in Polearms
  6550 | D:5      | Reached skill level 2 in Staves
  6550 | D:5      | Reached skill level 2 in Slings
  6550 | D:5      | Reached skill level 2 in Crossbows
  6550 | D:5      | Reached skill level 2 in Throwing
  6550 | D:5      | Reached skill level 2 in Dodging
  6550 | D:5      | Reached skill level 2 in Unarmed Combat
  6568 | D:5      | Reached XP level 7. HP: 47/50 MP: 12/12
  6596 | D:5      | Reached skill level 7 in Evocations
  6983 | D:5      | Noticed Grinder
  6992 | D:5      | Paralysed by Grinder for 3 turns
  7010 | D:5      | Killed Grinder
  7011 | D:5      | Reached skill level 2 in Conjurations
  7011 | D:5      | Reached skill level 2 in Hexes
  7011 | D:5      | Reached skill level 2 in Summonings
  7011 | D:5      | Reached skill level 2 in Necromancy
  7011 | D:5      | Reached skill level 2 in Translocations
  7011 | D:5      | Reached skill level 2 in Transmutations
  7011 | D:5      | Reached skill level 2 in Fire Magic
  7011 | D:5      | Reached skill level 2 in Ice Magic
  7011 | D:5      | Reached skill level 2 in Air Magic
  7011 | D:5      | Reached skill level 2 in Earth Magic
  7011 | D:5      | Reached skill level 3 in Poison Magic
  7171 | D:5      | Reached skill level 9 in Armour
  7174 | D:5      | You pick up a book of Transfigurations {@e2} and begin
                  | reading...
  7174 | D:5      | You add the spells Irradiate, Blade Hands and Dragon Form
                  | to your library.
  7218 | D:5      | Noticed Pikel
  7235 | D:5      | Killed Pikel
  7236 | D:5      | Reached skill level 3 in Fighting
  7236 | D:5      | Reached skill level 3 in Short Blades
  7236 | D:5      | Reached skill level 3 in Long Blades
  7236 | D:5      | Reached skill level 3 in Axes
  7236 | D:5      | Reached skill level 3 in Maces & Flails
  7236 | D:5      | Reached skill level 3 in Polearms
  7236 | D:5      | Reached skill level 3 in Staves
  7236 | D:5      | Reached skill level 3 in Slings
  7236 | D:5      | Reached skill level 3 in Crossbows
  7236 | D:5      | Reached skill level 3 in Throwing
  7236 | D:5      | Reached skill level 3 in Dodging
  7236 | D:5      | Reached skill level 4 in Stealth
  7236 | D:5      | Reached skill level 3 in Unarmed Combat
  7236 | D:5      | Reached skill level 4 in Spellcasting
  7236 | D:5      | Reached skill level 3 in Invocations
  7236 | D:5      | Reached XP level 8. HP: 46/58 MP: 12/14
  7371 | D:5      | Noticed Duvessa
  7371 | D:5      | Noticed Prince Ribbit
  7371 | D:5      | Noticed Dowan
  7396 | D:5      | Killed Duvessa
  7472 | D:5      | Killed Prince Ribbit
  7473 | D:5      | Reached skill level 3 in Conjurations
  7473 | D:5      | Reached skill level 3 in Hexes
  7473 | D:5      | Reached skill level 3 in Summonings
  7473 | D:5      | Reached skill level 3 in Necromancy
  7473 | D:5      | Reached skill level 3 in Translocations
  7473 | D:5      | Reached skill level 3 in Transmutations
  7473 | D:5      | Reached skill level 3 in Fire Magic
  7473 | D:5      | Reached skill level 3 in Ice Magic
  7473 | D:5      | Reached skill level 3 in Air Magic
  7473 | D:5      | Reached skill level 3 in Earth Magic
  7473 | D:5      | Reached skill level 4 in Invocations
  7837 | D:5      | Killed Dowan
  8046 | D:5      | Found a transporter.
  8055 | D:5      | Found a transporter.
  8066 | D:5      | Found a one-way gate to the infinite horrors of the Abyss.
  8066 | D:5      | Noticed sdfasdf239h's ghost (amateur GrEE)
  8077 | D:5      | Gained mutation: You cannot study or use magical devices.
                  | [Ru sacrifice]
  8077 | D:5      | Reduced skill Evocations to level 0
  8077 | D:5      | Reached **** piety under Ru
  8077 | D:5      | Reached ***** piety under Ru
  8194 | D:6      | Reached XP level 9. HP: 41/65 MP: 16/16
  8328 | D:6      | Noticed Eustachio
  8349 | D:6      | Gained mutation: You are frail. (-10% HP) [potion of
                  | mutation]
  8349 | D:6      | Gained mutation: You are somewhat resistant to further
                  | mutation. [potion of mutation]
  8351 | D:6      | HP: 11/56 [river rat[Eustachio] (8)]
  8375 | D:6      | Killed Eustachio
  8379 | D:6      | Lost mutation: You are frail. (-10% HP) [potion of
                  | mutation]
  8379 | D:6      | Lost mutation: You are somewhat resistant to further
                  | mutation. [potion of mutation]
  8379 | D:6      | Gained mutation: Armour fits poorly on your strangely
                  | shaped body. [potion of mutation]
  8379 | D:6      | Gained mutation: You expend magic power (3 MP) to
                  | strengthen your wands. [potion of mutation]
  8379 | D:6      | Gained mutation: You are agile. (Dex +2) [potion of
                  | mutation]
  8445 | D:6      | Found a staircase to the Ecumenical Temple.
  8460 | D:6      | Noticed a boulder beetle
  8471 | D:6      | HP: 5/61 [boulder beetle (22)]
  8475 | D:6      | Killed a boulder beetle
  8476 | D:6      | Reached skill level 4 in Fighting
  8476 | D:6      | Reached skill level 4 in Short Blades
  8476 | D:6      | Reached skill level 4 in Long Blades
  8476 | D:6      | Reached skill level 4 in Axes
  8476 | D:6      | Reached skill level 4 in Maces & Flails
  8476 | D:6      | Reached skill level 4 in Polearms
  8476 | D:6      | Reached skill level 4 in Staves
  8476 | D:6      | Reached skill level 4 in Slings
  8476 | D:6      | Reached skill level 4 in Crossbows
  8476 | D:6      | Reached skill level 4 in Throwing
  8476 | D:6      | Reached skill level 4 in Dodging
  8476 | D:6      | Reached skill level 5 in Stealth
  8476 | D:6      | Reached skill level 4 in Unarmed Combat
  8476 | D:6      | Reached skill level 5 in Spellcasting
  8476 | D:6      | Reached skill level 4 in Poison Magic
  8479 | Temple   | Entered the Ecumenical Temple
  8859 | D:6      | Noticed Maggie
  9019 | D:6      | Found an opulent altar of Gozag.
  9037 | D:6      | Killed Maggie
  9038 | D:6      | Reached skill level 5 in Invocations
  9493 | D:6      | Found a runed translucent door.
  9494 | D:6      | Noticed Crazy Yiuf
  9809 | D:7      | You add the spells Olgreb's Toxic Radiance, Ozocubu's
                  | Refrigeration and Ignition to your library.
 10133 | D:7      | Reached skill level 4 in Conjurations
 10133 | D:7      | Reached skill level 4 in Hexes
 10133 | D:7      | Reached skill level 4 in Summonings
 10133 | D:7      | Reached skill level 4 in Necromancy
 10133 | D:7      | Reached skill level 4 in Translocations
 10133 | D:7      | Reached skill level 4 in Transmutations
 10133 | D:7      | Reached skill level 4 in Fire Magic
 10133 | D:7      | Reached skill level 4 in Ice Magic
 10133 | D:7      | Reached skill level 4 in Air Magic
 10133 | D:7      | Reached skill level 4 in Earth Magic
 10133 | D:7      | Reached XP level 10. HP: 39/73 MP: 18/18
 10391 | D:8      | HP: 14/61 [orc/+1 whip of electrocution (17)]
 10610 | D:8      | Gained mutation: You sometimes lose the ability to read
                  | scrolls when taking damage. [Ru sacrifice]
 10610 | D:8      | Reached ****** piety under Ru
 10663 | D:8      | Reached skill level 5 in Fighting
 10663 | D:8      | Reached skill level 5 in Short Blades
 10663 | D:8      | Reached skill level 5 in Long Blades
 10663 | D:8      | Reached skill level 5 in Axes
 10663 | D:8      | Reached skill level 5 in Maces & Flails
 10663 | D:8      | Reached skill level 5 in Polearms
 10663 | D:8      | Reached skill level 5 in Staves
 10663 | D:8      | Reached skill level 5 in Slings
 10663 | D:8      | Reached skill level 5 in Crossbows
 10663 | D:8      | Reached skill level 5 in Throwing
 10663 | D:8      | Reached skill level 10 in Armour
 10663 | D:8      | Reached skill level 5 in Dodging
 10663 | D:8      | Reached skill level 5 in Unarmed Combat
 10671 | D:8      | HP: 14/74 [vampire mosquito (10)]
 10676 | D:8      | HP: 3/74 [orc/+0 dagger (4)]
 10930 | D:7      | You pick up a book of Geomancy and begin reading...
 10930 | D:7      | You add the spells Sandblast, Passwall and Stone Arrow to
                  | your library.
 11384 | D:8      | Reached skill level 6 in Spellcasting
 11825 | D:8      | You pick up a book of Callings and begin reading...
 11825 | D:8      | You add the spells Summon Small Mammal, Call Canine
                  | Familiar and Summon Guardian Golem to your library.
 11999 | D:8      | HP: 9/47 [yak (10)]
 12001 | D:8      | Slain by a yak

Vanquished Creatures
  A boulder beetle (D:6)
  Pikel (D:5)
  Maggie (D:6)
  Prince Ribbit (D:5)
  Grinder (D:5)
  A wyvern (D:8)
  Eustachio (D:6)
  A yak (D:8)
  4 vampire mosquitoes (D:8)
  A water moccasin (D:7)
  Duvessa (D:5)
  An ice beast (D:7)
  2 black bears
  An orc warrior (D:8)
  2 ogres
  3 centaurs
  4 lemures (D:5)
  A kobold brigand (D:8)
  3 bullfrogs
  2 scorpions (D:6)
  Dowan (D:5)
  3 wights
  2 jellies
  An orc priest (D:8)
  5 hounds
  4 iguanas
  6 orc wizards
  7 adders
  2 white imps (D:7)
  An ufetubus (D:4)
  A worm (D:4)
  6 dart slugs
  26 orcs
  10 bats
  6 endoplasms
  3 giant cockroaches
  5 hobgoblins
  3 jackals (D:2)
  3 quokkas
  7 ball pythons
  6 frilled lizards
  6 goblins
  16 kobolds
  4 rats
167 creatures vanquished.

Vanquished Creatures (collateral kills)
  An orc priest (D:3)
  An orc (D:3)
2 creatures vanquished.

Vanquished Creatures (others)
  A scorpion (D:4)
  3 orcs
4 creatures vanquished.

Grand Total: 173 creatures vanquished

Table legend:
 A = Non-vault XP
 B = Vault XP
 C = Vault XP percentage of total XP
 D = Non-vault monster count
 E = Vault monster count
 F = Vault count percentage of total count
                 A         B        C        D         E       F
            +---------+---------+-------+---------+---------+-------
      Total |    4796 |    2102 |  30.5 |     156 |      12 |   7.1
            +---------+---------+-------+---------+---------+-------
        D:1 |      35 |       0 |   0.0 |      24 |       0 |   0.0
        D:2 |     125 |       0 |   0.0 |      29 |       0 |   0.0
        D:3 |      85 |       6 |   6.6 |      17 |       4 |  19.0
        D:4 |     148 |       0 |   0.0 |      13 |       0 |   0.0
        D:5 |     386 |    1489 |  79.4 |      14 |       6 |  30.0
        D:6 |    1459 |     607 |  29.4 |      21 |       2 |   8.7
        D:7 |     679 |       0 |   0.0 |      10 |       0 |   0.0
        D:8 |    1879 |       0 |   0.0 |      28 |       0 |   0.0
            +---------+---------+-------+---------+---------+-------

Illustrated notes

Table legend:
 A = Kills in this place as a percentage of kills in entire the game.
 B = Kills by you in this place as a percentage of kills by you in the entire game.
 C = Kills by friends in this place as a percentage of kills by friends in the entire game.
 D = Other kills in this place as a percentage of other kills in the entire game.
 E = Experience gained in this place as a percentage of experience gained in the entire game.
 F = Experience gained in this place divided by the number of levels of this place that you have seen.
                   A       B       C       D       E      F
               +-------+-------+-------+-------+-------+----------------------
         Total | 100.0 | 100.0 | 100.0 | 100.0 | 100.0 | 766.4
       Dungeon | 100.0 | 100.0 | 100.0 | 100.0 | 100.0 | 862.2
               +-------+-------+-------+-------+-------+----------------------

Table legend: (Time is in decaauts)
 A = Elapsed time spent in this place.
 B = Non-inter-level travel time spent in this place.
 C = Inter-level travel time spent in this place.
 D = Time resting spent in this place.
 E = Time spent auto-exploring this place.
 F = Levels seen in this place.
 G = Mean time per level.
                   A        B        C        D        E       F      G
               +--------+--------+--------+--------+--------+-----+--------+
         Total |  12066 |  11851 |    215 |   3376 |   6582 |   9 | 1340.7 |
       Dungeon |  11786 |  11571 |    215 |   3097 |   6582 |   8 | 1473.2 |
        Temple |    280 |    280 |      0 |    279 |      0 |   1 |  280.0 |
               +--------+--------+--------+--------+--------+-----+--------+

Top non-repeatable levels by time:
     D:1: 2138 daAuts
     D:2: 1842 daAuts
     D:7: 1818 daAuts
     D:5: 1686 daAuts
     D:4: 1374 daAuts
     D:3: 1236 daAuts
     D:6: 1187 daAuts
     D:8: 500 daAuts
  Temple: 280 daAuts
